 Dungeon Crawl Stone Soup version 0.30-a0-743-gbfdf073431 (webtiles) character file.

Game seed: 4941085185002726429

84 pokeman the Magician (level 4, 0/25 HPs)
             Began as a Deep Elf Hedge Wizard on Feb 7, 2023.
             Succumbed to an orc's poison
             ... on level 3 of the Dungeon.
             The game lasted 00:02:37 (2178 turns).

pokeman the Magician (Deep Elf Hedge Wizard)        Turns: 2178, Time: 00:02:37

Health: 0/25       AC:  4    Str:  7    XL:     4   Next: 23%
Magic:  3/13       EV: 12    Int: 21    God:
Gold:   182        SH:  0    Dex: 14    Spells: 6/14 levels left

rFire   . . .      SeeInvis .    a - +0 dagger
rCold   . . .      Faith    .    (no shield)
rNeg    . . .      Spirit   .    b - +0 robe
rPois   .          Reflect  .    i - +0 helmet
rElec   .          Harm     .    (no cloak)
rCorr   .          Rampage  .    (no gloves)
Will    .....                    o - +0 pair of boots
Stlth   ++                       (no amulet)
HPRegen 0.24/turn                m - ring of wizardry
MPRegen 0.13/turn                (no ring)

@: lethally poisoned (0 -> -13)
A: no striking features
a: no special abilities


You were on level 3 of the Dungeon.
You visited 1 branch of the dungeon, and saw 3 of its levels.

You collected 182 gold pieces.

Inventory:

Hand Weapons
 a - a +0 dagger (weapon)
Armour
 b - a +0 robe (worn)
 i - a +0 helmet (worn)
 n - a +4 ring mail
 o - a +0 pair of boots (worn)
Jewellery
 m - a ring of wizardry (left hand)
Scrolls
 g - 2 scrolls of identify {unknown}
 h - 2 scrolls of immolation {unknown}
 j - 2 scrolls of fog {unknown}
 k - a scroll of vulnerability {unknown}
Potions
 c - a potion of curing {unknown}
 d - a potion of magic
 e - 2 potions of haste {unknown}
 f - a potion of berserk rage {unknown}
 l - a potion of resistance {unknown}


   Skills:
 - Level 1.1 Fighting
 - Level 1.1 Armour
 + Level 2.5 Dodging
 + Level 2.5 Stealth
 * Level 5.5 Spellcasting
 + Level 2.1 Conjurations
 - Level 1.1 Summonings
 - Level 1.1 Translocations


You had 6 spell levels left.
You knew the following spells:

 Your Spells              Type           Power      Damage    Failure   Level
a - Magic Dart            Conj           56%        1d5       1%          1
b - Mephitic Cloud        Conj/Pois/Air  8%         N/A       9%          3
c - Call Imp              Summ           10%        N/A       4%          2
d - Blink                 Tloc           20%        N/A       4%          2

Your spell library contained the following spells:

 Spells                   Type           Power      Damage    Failure   Level
 Beastly Appendage        Tmut           10%        N/A       4%          1
 Slow                     Hex            20%        N/A       4%          1
 Cigotuvi's Dreadful Rot  Necr/Pois/Air  10%        N/A       6%          2
 Ensorcelled Hibernation  Hex/Ice        10%        N/A       6%          2
 Passwall                 Tmut/Erth      4%         N/A       6%          2
 Wereblood                Tmut           5%         N/A       6%          2
 Spider Form              Tmut/Pois      5%         N/A       12%         3
 Swiftness                Air            5%         N/A       12%         3


Dungeon Overview and Level Annotations

Branches:
Dungeon (3/15)

Altars:


Message History

The endoplasm barely misses you.
Casting: Magic Dart (safe; 1% risk of failure)
Confirm with . or Enter, or press ? or * to list all spells.
Aiming: Magic Dart (safe; 1% risk of failure)
Press: ? - help, Shift-Dir - straight line, f/p - orc
Aim: an orc, wielding a +0 club, wearing a +0 leather armour and quivering poisoned darts (moderately wounded, 100% to hit)
The magic dart hits the orc.
The orc is heavily wounded.
You feel very sick. The endoplasm hits you.
Casting: Magic Dart (safe; 1% risk of failure)
Confirm with . or Enter, or press ? or * to list all spells.
Aiming: Magic Dart (safe; 1% risk of failure)
Press: ? - help, Shift-Dir - straight line, f/p - orc
Aim: an orc, wielding a +0 club, wearing a +0 leather armour and quivering poisoned darts (heavily wounded, 100% to hit)
The magic dart hits the orc but does no damage.
The orc is heavily wounded.
You feel sick.
The orc throws a poisoned dart.
The poisoned dart hits you!
You are lethally poisoned!
The endoplasm freezes you.
You are frozen.
* * * LOW HITPOINT WARNING * * *
Casting: Magic Dart (safe; 1% risk of failure)
Confirm with . or Enter, or press ? or * to list all spells.
Aiming: Magic Dart (safe; 1% risk of failure)
Press: ? - help, Shift-Dir - straight line, f/p - orc
Aim: an orc, wielding a +0 club, wearing a +0 leather armour and quivering poisoned darts (heavily wounded, 100% to hit)
The magic dart hits the orc.
You kill the orc!
* * * LOW HITPOINT WARNING * * *
You feel very sick.
The endoplasm hits you but does no damage.
Casting: Magic Dart (safe; 1% risk of failure)
Confirm with . or Enter, or press ? or * to list all spells.
Aiming: Magic Dart (safe; 1% risk of failure)
Press: ? - help, Shift-Dir - straight line, f - endoplasm
Aim: an endoplasm (moderately wounded, 100% to hit)
The magic dart hits the endoplasm.
You kill the endoplasm!
You die...

##..##.# #.# #.#
...>........ ..#
...#####.#.# #.# .
.......#.#.# #.# ..
##.###.#.#.# #.# ...
...# #.#.#.# #.# ....
######.#.#.####.#
..... #
#....#.#......##......
#
#.##..........@.......
#
#.##.#.########.###.##
# #.##.#.# .# #.##.#.#
)# #.#....# .# #
#.#..### .# ###....##
.# .##.....# .#
........#


There were no monsters in sight!

Vanquished Creatures
  A jelly (D:2)
  2 adders (D:2)
  2 worms (D:2)
  2 dart slugs (D:1)
  An orc (D:3)
  4 endoplasms
  A giant cockroach (D:1)
  2 goblins (D:2)
  3 hobgoblins
  A quokka (D:2)
  2 ball pythons (D:2)
  A bat (D:1)
  3 frilled lizards
  2 kobolds (D:2)
  2 rats
29 creatures vanquished.

Notes
Turn   | Place    | Note
-------+----------+-------------------------------------------
     0 | D:1      | pokeman the Deep Elf Hedge Wizard began the quest for the
                  | Orb.
     0 | D:1      | Reached XP level 1. HP: 10/10 MP: 7/7
   103 | D:1      | You fall into a shaft and drop 1 floor!
   472 | D:2      | Reached XP level 2. HP: 16/16 MP: 4/9
  1118 | D:1      | Reached skill level 5 in Spellcasting
  1473 | D:2      | Reached XP level 3. HP: 20/20 MP: 7/11
  1477 | D:2      | Learned a level 3 spell: Mephitic Cloud
  1480 | D:2      | Learned a level 2 spell: Call Imp
  1483 | D:2      | Learned a level 2 spell: Blink
  1709 | D:2      | Reached skill level 1 in Fighting
  1709 | D:2      | Reached skill level 1 in Armour
  1709 | D:2      | Reached XP level 4. HP: 25/25 MP: 4/13
  2178 | D:3      | Succumbed to an orc's poison

Illustrated notes

Levels and vault maps discovered:
D:1:      scummos_arrival_forest, layout_basic
D:2:      layout_basic
D:3:      layout_loops_ring, uniq_natasha, uniq_jessica

Skill      XL: |  1  2  3 |
---------------+----------+-----
Spellcasting   | 5 |  5.5
Fighting       | 1 |  1.1
Armour         | 1 |  1.1
Conjurations   | 2 |  2.1
Dodging        | |  2.5
Stealth        | |  2.5
Summonings     | |  1.1
Translocations | |  1.1

Action                     |  1- 3 |  4- 6 || total
---------------------------+-------+-------++-------
   Cast: Magic Dart        |    84 |    19 ||   103
 Armour: Robe              |     3 |     1 ||     4
  Dodge: Dodged            |     5 |     2 ||     7

Table legend: (Time is in decaauts)
 A = Elapsed time spent in this place.
 B = Non-inter-level travel time spent in this place.
 C = Inter-level travel time spent in this place.
 D = Time resting spent in this place.
 E = Time spent auto-exploring this place.
 F = Levels seen in this place.
 G = Mean time per level.
                   A        B        C        D        E       F      G
               +--------+--------+--------+--------+--------+-----+--------+
         Total |   2176 |   2119 |     57 |     32 |   1827 |   3 |  725.3 |
       Dungeon |   2176 |   2119 |     57 |     32 |   1827 |   3 |  725.3 |
               +--------+--------+--------+--------+--------+-----+--------+

Top non-repeatable levels by time:
     D:2: 1490 daAuts
     D:1: 612 daAuts
     D:3: 73 daAuts
